 Dungeon Crawl Stone Soup version 0.30-a0-916-g98134172ad (webtiles) character file.

Game seed: 8849448972166191270

140 112233 the Magician (level 5, -3/31 HPs)
             Began as an Octopode Earth Elementalist on Mar 20, 2023.
             Slain by an ogre
             ... wielding a +0 giant club
              (18 damage)
             ... on level 4 of the Dungeon.
             The game lasted 00:02:39 (2559 turns).

112233 the Magician (Octopode Earth Elementalist)   Turns: 2559, Time: 00:02:40

Health: -3/31      AC:  1    Str:  8    XL:     5   Next: 22%
Magic:  8/12       EV: 13    Int: 19    God:
Gold:   82         SH:  0    Dex: 10    Spells: 7/13 levels left

rFire   + . .      SeeInvis .    k - +8 trident "Grum" {heavy, rElec rF+ Dex-2 Stlth+}
rCold   . . .      Faith    .    (no shield)
rNeg    . . .      Spirit   .    (helmet restricted)
rPois   .          Reflect  .    (no amulet)
rElec   +          Rampage  .    (no ring)
rCorr   .                        (no ring)
Will    .....                    (no ring)
Stlth   ++++                     (no ring)
HPRegen 0.25/turn                (no ring)
MPRegen 0.13/turn                (no ring)
                                 (no ring)
                                 (no ring)

@: no status effects
A: almost no armour, amphibious, 8 rings, camouflage 1, gelatinous body 1,
(nimble swimmer 1), tentacles
a: no special abilities


You were on level 4 of the Dungeon.
You visited 1 branch of the dungeon, and saw 4 of its levels.

You collected 82 gold pieces.

Inventory:

Hand Weapons
 b - a +3 dagger
 c - a +4 dagger of speed
 k - the +8 trident "Grum" (weapon) {heavy, rElec rF+ Dex-2 Stlth+}
   (You took it off a hobgoblin on level 2 of the Dungeon)

   Dex:       It affects your dexterity (-2).
   rF:        It protects you from fire.
   rElec:     It insulates you from electricity.
   Stlth:     It makes you more stealthy.
Scrolls
 g - 4 scrolls of identify {unknown}
 h - a scroll of immolation {unknown}
 i - a scroll of enchant weapon {unknown}
 j - 2 scrolls of teleportation {unknown}
 n - a scroll of fog {unknown}
 o - a scroll of amnesia {unknown}
Potions
 a - a potion of magic
 d - a potion of cancellation {unknown}
 e - a potion of lignification {unknown}
 f - 3 potions of attraction {unknown}
 l - a potion of flight {unknown}
 m - a potion of curing {unknown}
 p - a potion of might {unknown}
 q - a potion of mutation {unknown}


   Skills:
 - Level 2.0 Dodging
 - Level 2.6 Stealth
 + Level 4.9 Spellcasting
 - Level 1.0 Transmutations
 - Level 3.0 Earth Magic


You had 7 spell levels left.
You knew the following spells:

 Your Spells              Type           Power      Damage    Failure   Level
a - Sandblast             Erth           32%        2d9       3%          1
b - Stone Arrow           Conj/Erth      20%        3d8       21%         3
c - Passwall              Tmut/Erth      10%        N/A       9%          2

Your spell library contained the following spells:

 Spells                   Type           Power      Damage    Failure   Level
 Petrify                  Tmut/Erth      12%        N/A       50%         4


Dungeon Overview and Level Annotations

Branches:
Dungeon (4/15)
 Temple: D:4-7

Altars:

Shops:
D:2 (


Innate Abilities, Weirdness & Mutations

You cannot wear most types of armour.
You are amphibious.
You can wear up to eight rings at the same time.
Your skin changes colour to match your surroundings (Stealth+).
Your rubbery body absorbs attacks. (AC +1, EV +1)
((You are camouflaged when in or above water. (Stealth+)))
You have tentacles for arms and can constrict up to eight enemies at once.


Message History

Confirm with . or Enter, or press ? or * to list all spells.
Aiming: Sandblast (safe; 3% risk of failure)
Press: ? - help, Shift-Dir - straight line, f/p - ogre
Aim: an ogre, wielding a +0 giant club (moderately wounded, 91% to hit)
The blast of sand hits the ogre.
The ogre is moderately wounded.
The ogre closely misses you.
Unknown command.
Casting: Sandblast (safe; 3% risk of failure)
Confirm with . or Enter, or press ? or * to list all spells.
The spell is quite dangerous to miscast (21% risk of failure)!
Continue anyway? [Y]es or [N]o only, please.
The spell is quite dangerous to miscast (21% risk of failure)!
Continue anyway?
Okay, then.
Casting: Stone Arrow (quite dangerous; 21% risk of failure)
Confirm with . or Enter, or press ? or * to list all spells.
Aiming: Sandblast (safe; 3% risk of failure)
Press: ? - help, Shift-Dir - straight line, f/p - ogre
Aim: an ogre, wielding a +0 giant club (moderately wounded, 91% to hit)
The blast of sand misses the ogre.
The ogre barely misses you.
Unknown command.
Casting: Sandblast (safe; 3% risk of failure)
Confirm with . or Enter, or press ? or * to list all spells.
Aiming: Sandblast (safe; 3% risk of failure)
Press: ? - help, Shift-Dir - straight line, f/p - ogre
Aim: an ogre, wielding a +0 giant club (moderately wounded, 91% to hit)
The blast of sand hits the ogre.
The ogre is moderately wounded.
The ogre hits you with a +0 giant club!
Ouch! That really hurt!
Casting: Sandblast (safe; 3% risk of failure)
Confirm with . or Enter, or press ? or * to list all spells.
Aiming: Sandblast (safe; 3% risk of failure)
Press: ? - help, Shift-Dir - straight line, f/p - ogre
Aim: an ogre, wielding a +0 giant club (moderately wounded, 91% to hit)
The blast of sand hits the ogre!
The ogre is severely wounded.
The ogre hits you with a +0 giant club!!
Ouch! That really hurt!
You die...

### #.. #.####
##.... ### #.#
#..#.# ..
#.#####..#O#
##.......>...@.#
...#.#.....##.#
#.###.#..#..#.....#
.......#.#..#..####
#.#...#.#.....#
.....)..†.....#
#.#.#.#.##.####
#.#...†.##.#
#......###.#


You could see an ogre.

Vanquished Creatures
  Jessica (D:3)
  3 gnolls (D:2)
  An adder (D:3)
  2 worms
  5 orcs
  4 bats
  5 endoplasms (D:1)
  2 giant cockroaches
  8 goblins
  5 hobgoblins
  2 quokkas
  9 ball pythons
  5 frilled lizards
  7 kobolds
  7 rats
66 creatures vanquished.

Notes
Turn   | Place    | Note
-------+----------+-------------------------------------------
     0 | D:1      | 112233 the Octopode Earth Elementalist began the quest for
                  | the Orb.
     0 | D:1      | Reached XP level 1. HP: 11/11 MP: 3/3
   199 | D:1      | Reached XP level 2. HP: 8/17 MP: 0/5
   397 | D:1      | Reached skill level 3 in Spellcasting
   506 | D:1      | Reached XP level 3. HP: 16/21 MP: 3/7
   945 | D:2      | Learned a level 3 spell: Stone Arrow
   948 | D:2      | Learned a level 2 spell: Passwall
  1113 | D:2      | Found a faded altar of an unknown god.
  1195 | D:2      | Reached XP level 4. HP: 26/27 MP: 7/9
  1207 | D:2      | Reached skill level 4 in Spellcasting
  1296 | D:2      | Found Gufis's Weapon Shoppe.
  1391 | D:2      | Identified the +8 trident "Grum" {heavy, rElec rF+ Dex-2
                  | Stlth+}
  1608 | D:3      | Noticed Jessica
  1722 | D:3      | Killed Jessica
  1866 | D:3      | Reached XP level 5. HP: 31/31 MP: 9/11
  2071 | D:3      | Identified the +1 rapier of Fate {heavy, rPois Int+8 Dex-5}
  2554 | D:4      | Noticed an ogre
  2559 | D:4      | Slain by an ogre

Illustrated notes

Levels and vault maps discovered:
D:1:      kilobyte_arrival_exit_the_forest, layout_rooms
D:2:      layout_rooms, serial_shops, nicolae_shop_hallway_plus,
          shapermc_ecumenical_altar_mp_vishouse, chequers_arboretum
D:3:      layout_loops_ring, grunt_decor_clamped, uniq_jessica
D:4:      layout_basic, uniq_ijyb

Skill      XL: |  1  2  3  4 |
---------------+-------------+-----
Spellcasting   | 3 4 |  4.9
Dodging        | |  2.0
Stealth        | |  2.6
Transmutations | |  1.0
Earth Magic    | |  3.0

Action                     |  1- 3 |  4- 6 || total
---------------------------+-------+-------++-------
  Melee: Unarmed           |     5 |       ||     5
         Constrict         |     1 |       ||     1
         Tentacles         |     1 |       ||     1
         Dagger            |     3 |       ||     3
   Cast: Sandblast         |    46 |    47 ||    93
 Armour: Skin              |     3 |       ||     3
  Dodge: Dodged            |    17 |     6 ||    23

Table legend: (Time is in decaauts)
 A = Elapsed time spent in this place.
 B = Non-inter-level travel time spent in this place.
 C = Inter-level travel time spent in this place.
 D = Time resting spent in this place.
 E = Time spent auto-exploring this place.
 F = Levels seen in this place.
 G = Mean time per level.
                   A        B        C        D        E       F      G
               +--------+--------+--------+--------+--------+-----+--------+
         Total |   2602 |   2505 |     97 |    125 |   1984 |   4 |  650.5 |
       Dungeon |   2602 |   2505 |     97 |    125 |   1984 |   4 |  650.5 |
               +--------+--------+--------+--------+--------+-----+--------+

Top non-repeatable levels by time:
     D:3: 967 daAuts
     D:1: 902 daAuts
     D:2: 684 daAuts
     D:4: 48 daAuts
